 Dungeon Crawl Stone Soup version 0.17-a0-1093-g0b3cd89 (webtiles) character file.

131 HEYYEYAAE the Shield-Bearer (level 5, -10/36 HPs)
             Began as an Octopode Fighter on May 20, 2015.
             Mangled by Jakers's ghost (12 damage)
             ... on level 4 of the Dungeon.
             The game lasted 00:01:49 (1542 turns).

HEYYEYAAE the Shield-Bearer (Octopode Fighter)      Turns: 1542, Time: 00:01:50

Health: -10/36     AC:  1    Str: 21    XL:     5   Next: 14%
Magic:  5/5        EV: 11    Int: 10    God:
Gold:   64         SH:  9    Dex: 12    Spells: 0 memorised, 4 levels left

rFire  . . .     SeeInvis .     a - +0 war axe
rCold  . . .     Clarity  .     b - +0 shield
rNeg   . . .     SustAb   .     (helmet restricted)
rPois  .         Gourm    .     (no amulet)
rElec  .         Spirit   .     (no ring)
rCorr  .         Warding  .     (no ring)
rMut   .         Stasis   .     (no ring)
MR     .....                    (no ring)
Stlth  ++........               (no ring)
                                (no ring)
                                (no ring)
                                (no ring)

@: mighty, lethally poisoned (-10 -> -19), not resistant to hostile
enchantments, unstealthy
A: almost no armour, amphibious, 8 rings, constrict 8, camouflage 1, gelatinous
body 1
a: no special abilities


You were on level 4 of the Dungeon.
You were not hungry.

You visited 1 branch of the dungeon, and saw 4 of its levels.

You collected 64 gold pieces.

Inventory:

Hand weapons
 a - a +0 war axe (weapon)
Armour
 b - a +0 shield (worn)
Jewellery
 r - an uncursed ring of ice
Scrolls
 e - a scroll of remove curse {unknown}
 g - a scroll of magic mapping {unknown}
 i - 2 scrolls of teleportation {unknown}
 k - a scroll of enchant armour {unknown}
 l - a scroll of fog {unknown}
 n - a scroll of immolation {unknown}
 p - 2 scrolls of identify {unknown}
Potions
 h - 3 potions of curing {unknown}
 j - 3 potions of invisibility {unknown}
 m - a potion of heal wounds {unknown}
 o - a potion of haste {unknown}
 q - a potion of flight {unknown}
Comestibles
 d - a bread ration


   Skills:
 + Level 3.6 Fighting
 - Level 2.0 Axes
 * Level 4.2 Dodging
 * Level 4.2 Shields


You had 4 spell levels left.
You didn't know any spells.

Dungeon Overview and Level Annotations

Branches:
Dungeon (4/15)
 Temple: D:4-7

Altars:

Annotations:
D:3 HEYYEYAAE's ghost, average OpFi
D:4 Jakers's ghost, average DrFi


Innate Abilities, Weirdness & Mutations

You cannot wear most types of armour.
You are amphibious.
You can wear up to eight rings at the same time.
You can use your tentacles to constrict eight enemies at once.
Your skin changes colour to match your surroundings (Stealth).
Your rubbery body absorbs attacks (AC +1).


Message History

* * * LOW HITPOINT WARNING * * *
You barely miss Jakers's ghost.
Jakers's ghost is heavily damaged.
You miss the adder.
The adder is severely wounded.
The adder barely misses you. Jakers's ghost closely misses you.
The adder bites you.
* * * LOW HITPOINT WARNING * * *
You closely miss Jakers's ghost. You squeeze Jakers's ghost!
Jakers's ghost is severely damaged.
You closely miss the adder.
The adder is severely wounded.
The adder bites you.
* * * LOW HITPOINT WARNING * * *
You are lethally poisoned!
The adder poisons you! Jakers's ghost barely misses you. The adder bites you.
* * * LOW HITPOINT WARNING * * *
You are more poisoned.
The adder poisons you! Jakers's ghost hits you!
You die...

## ### . ... .
... # #. #.# .#
####.##.##.####
...............
........S......
......!@W....).
#.##.##.##..###
#+# #


You could see Jakers's ghost and an adder.

Vanquished Creatures
  2 orc wizards (D:3)
  An adder (D:2)
  A worm (D:2)
  2 giant geckos
  3 orcs (D:3)
  A ball python (D:1)
  9 bats
  A giant cockroach (D:1)
  8 goblins
  9 hobgoblins
  4 jackals (D:2)
  8 kobolds
  A giant newt (D:1)
  4 rats
54 creatures vanquished.

Notes
Turn   | Place    | Note
--------------------------------------------------------------
     0 | D:1      | HEYYEYAAE the Octopode Fighter began the quest for the Orb.
     0 | D:1      | Reached XP level 1. HP: 16/16 MP: 1/1
   111 | D:1      | Reached XP level 2. HP: 21/21 MP: 2/2
   446 | D:1      | Reached XP level 3. HP: 26/26 MP: 3/3
  1017 | D:2      | Reached XP level 4. HP: 17/31 MP: 4/4
  1055 | D:3      | Noticed HEYYEYAAE's ghost (average OpFi)
  1244 | D:3      | Reached skill level 4 in Dodging
  1251 | D:3      | Reached XP level 5. HP: 20/36 MP: 5/5
  1535 | D:4      | Noticed Jakers's ghost (average DrFi)
  1542 | D:4      | Mangled by Jakers's ghost

Vault maps used:
D:1:      arrival_zaba_pyramid, minivault_24, st_stairs_14
D:2:      kennysheep_generic_room_5
D:3:      columned_hall_lemuel, nemelex_dance_club_becter
D:4:      nicolae_overflow_hidden_temple, first_bread, st_stairs_10,
          corner_web_ring

Action                   |  1- 3 |  4- 6 || total
-------------------------+-------+-------++-------
Melee: War axe           |    63 |    31 ||    94
  Use: Potion            |       |     1 ||     1
 Stab: Sleeping          |     5 |     1 ||     6
  Eat: Royal jelly       |       |     1 ||     1
